AoeStats
← ccereal

Black Forest

510402466Analyzed
4v4 RM · 24h ago on Sep 30, 2026· 49m 8s· 8 players
Game mode
Random Map
Map size
Large (8 player)
Population
200
Speed
Normal
Resources
Standard
Victory
Conquest
Starting age
Dark Age
Ending age
Imperial Age
RankedLock teamsTeams togetherTeam positionsShared explorationLock speedFull tech treeHidden civsTurbo modeCheats
Victory
Defeat
🇫🇷 Britons · France
1581
+11
🇫🇷 Ethiopians · France
1526
+13
🇫🇷 Berbers · France
1462
+15
🇫🇷 Saracens · France
1312
+21
🇬🇧 Spanish · United Kingdom
1530
-18
🇳🇱 Tatars · Netherlands
1443
-15
🇪🇨 Lithuanians · Ecuador
1414
-14
🇹🇷 Malay · Türkiye
1407
-13
Not the letter N
0:49 Loom
9:51 Feudal Age
17:14 Castle Age
15:21 Fletching
16:55 Stone Mining
22:24 Gold Mining
28:42 Padded Archer Armor
31:53 Leather Archer Armor
35:43 Masonry
40:28 Imperial Age
41:19 Wheelbarrow
45:19 Hoardings
D3AGLEZ
10:45 Feudal Age
12:24 Wheelbarrow
11:38 Double-Bit Axe
19:32 Castle Age
17:41 Fishing Lines
18:54 Gold Mining
21:43 Loom
22:21 Scale Barding Armor
23:25 Forging
25:36 Husbandry
27:02 Town Watch
27:38 Bloodlines
29:00 Bloodlines
31:53 Stone Mining
36:09 Imperial Age
33:46 Fletching
33:59 Padded Archer Armor
34:33 Bodkin Arrow
35:50 Chain Barding Armor
36:28 Heavy Camel Rider
37:41 Bow Saw
37:12 Horse Collar
39:40 Plate Barding Armor
39:41 Iron Casting
39:32 Hand Cart
39:24 Murder Holes
40:09 Heavy Plow
41:59 Coinage
42:42 Blast Furnace
43:02 Bodkin Arrow
44:09 Chemistry
43:52 Silk Armor
44:13 Conscription
44:23 Bracer
43:45 Heavy Cavalry Archer
44:51 Ballistics
46:21 Masonry
46:58 Elite Skirmisher
47:09 Light Cavalry
reckem3
4:12 Loom
12:01 Feudal Age
16:17 Castle Age
14:51 Double-Bit Axe
15:05 Fishing Lines
18:28 Bow Saw
21:18 Gillnets
22:40 Wheelbarrow
22:41 Horse Collar
23:53 Hand Cart
23:44 Heavy Plow
26:02 Treadmill Crane
29:04 Imperial Age
26:20 Town Watch
27:47 Town Patrol
28:06 Husbandry
28:28 Forging
28:24 Scale Barding Armor
27:55 Cavalier
30:46 Iron Casting
31:33 Elite Battle Elephant
33:22 Blast Furnace
32:51 Gold Mining
33:35 Crop Rotation
40:23 Gold Shaft Mining
39:39 Stone Mining
40:56 Light Cavalry
44:02 Caravan
44:13 Guilds
44:18 Pikeman
44:59 Squires
45:36 Halberdier
Leobossy
3:15 Loom
12:39 Feudal Age
20:06 Castle Age
19:13 Horse Collar
19:20 Double-Bit Axe
30:06 Elite Skirmisher
35:18 Fletching
36:55 Padded Archer Armor
38:50 Wheelbarrow
44:08 Bodkin Arrow
47:32 Imperial Age
48:50 Leather Archer Armor
ccereal
5:11 Loom
8:45 Feudal Age
14:02 Fletching
15:34 Horse Collar
19:31 Castle Age
17:34 Double-Bit Axe
19:14 Padded Archer Armor
19:35 Crossbowman
20:12 Bodkin Arrow
25:11 Bow Saw
25:38 Leather Archer Armor
27:45 Ballistics
30:47 Wheelbarrow
34:41 Hand Cart
38:41 Imperial Age
36:48 Gold Mining
36:48 Stone Mining
36:45 Town Watch
37:23 Fortified Wall
37:34 Heavy Plow
38:13 Gold Shaft Mining
37:36 Herbal Medicine
39:16 Masonry
39:50 Bracer
41:05 Chemistry
39:53 Arbalester
42:10 Two-Man Saw
41:52 Yeomen
41:39 Warwolf
42:02 Siege Engineers
42:53 Conscription
43:21 Ring Archer Armor
44:24 Hoardings
44:54 Yeomen
45:17 Coinage
44:48 Caravan
48:18 Banking
47:58 Guilds
tony le gros rou
10:19 Feudal Age
14:59 Castle Age
15:13 Double-Bit Axe
15:55 Horse Collar
21:38 Scale Barding Armor
21:44 Forging
25:47 Husbandry
25:58 Bloodlines
34:15 Chain Barding Armor
36:59 Bow Saw
40:31 Imperial Age
38:39 Wheelbarrow
39:20 Gold Mining
42:13 Chemistry
40:41 Heavy Camel Rider
42:11 Plate Barding Armor
42:12 Iron Casting
42:40 Siege Engineers
Flybidi
8:45 Feudal Age
11:43 Fletching
13:41 Wheelbarrow
20:47 Castle Age
19:16 Double-Bit Axe
19:35 Padded Archer Armor
20:50 Crossbowman
21:28 Bodkin Arrow
23:13 Loom
27:44 Imperial Age
27:44 Ballistics
28:02 Leather Archer Armor
29:35 Chemistry
28:44 Bracer
28:45 Arbalester
32:59 Bow Saw
35:40 Conscription
37:36 Ring Archer Armor
41:12 Thumb Ring
49:55 Two-Man Saw
Jungle Kriss
11:15 Feudal Age
15:14 Castle Age
13:19 Double-Bit Axe
13:17 Horse Collar
15:31 Loom
16:18 Town Watch
16:58 Bow Saw
18:37 Heavy Plow
25:55 Stone Mining
29:09 Bloodlines
29:01 Husbandry
29:11 Scale Barding Armor
29:17 Forging
30:35 Chain Barding Armor
32:11 Wheelbarrow
32:17 Town Watch
36:01 Imperial Age
34:03 Hand Cart
34:46 Iron Casting
34:54 Gold Mining
36:09 Heavy Camel Rider
37:45 Plate Barding Armor
38:23 Gold Shaft Mining
40:19 Two-Man Saw
40:54 Blast Furnace
41:12 Light Cavalry
42:19 Caravan
Connection lost

Rejoining the realm…

Still unreachable

The connection could not be restored.

Session expired

The server has moved on; the page needs a fresh start.